 Dungeon Crawl Stone Soup version 0.31-a0-1074-g0b22e4e0f1 (webtiles) character file.

Game seed: 13856174552812080166

12309 pokeman the Eclecticist (level 11, -3/61 HPs)
             Began as a Deep Elf Hedge Wizard on Dec 7, 2023.
             Was a Priest of Vehumet.
             Shot with an arrow by Nessos (9 damage)
             ... on level 12 of the Dungeon on Dec 8, 2023.
             The game lasted 00:36:43 (9574 turns).

pokeman the Eclecticist (Deep Elf Hedge Wizard)     Turns: 9574, Time: 00:36:44

Health: -3/61      AC: 13    Str:  7    XL:     11   Next: 60%
Magic:  32/32      EV: 12    Int: 24    God:    Vehumet [***...]
Gold:   700        SH:  0    Dex: 14    Spells: 26/40 levels left

rFire   . . .        a - +2 dagger (venom)
rCold   . . .        (no shield)
rNeg    . . .        g - +3 leather armour
rPois   .            u - +0 helmet
rElec   .            K - +0 cloak
rCorr   .            (no gloves)
SInv    +            (no boots)
Will    +....        i - amulet of magic regeneration
Stlth   ++           B - ring of see invisible
HPRegen 0.30/turn    D - +4 ring of protection
MPRegen 0.63/turn

%: no passive effects
@: lethally poisoned (-3 -> -38)
A: no striking features
a: Renounce Religion


You were on level 12 of the Dungeon.
You worshipped Vehumet.
Vehumet was most pleased with you.
You visited 2 branches of the dungeon, and saw 13 of its levels.

You collected 700 gold pieces.

Inventory:

Hand Weapons
 a - a +2 dagger of venom (weapon)
Armour
 f - a scarf of invisibility
 g - a +3 leather armour (worn)
 u - a +0 helmet (worn)
 G - a +0 ring mail of cold resistance
 K - a +0 cloak (worn)
Magical Staves
 H - a staff of fire
 J - a staff of poison
Jewellery
 i - an amulet of magic regeneration (around neck)
 B - a ring of see invisible (left hand)
 D - a +4 ring of protection (right hand)
 M - a ring of ice
Wands
 q - a wand of mindburst (13)
 z - a wand of paralysis (16)
 C - a wand of iceblast (12)
 I - a wand of flame (23)
Scrolls
 c - 2 scrolls of blinking {unknown}
 h - 3 scrolls of fear {unknown}
 j - 10 scrolls of identify {unknown}
 l - a scroll of poison {unknown}
 n - 6 scrolls of teleportation
 o - 3 scrolls of revelation {unknown}
 w - a scroll of amnesia {unknown}
 x - a scroll of noise {unknown}
 y - 2 scrolls of vulnerability {unknown}
 A - 2 scrolls of enchant armour {unknown}
 E - a scroll of immolation {unknown}
 F - 2 scrolls of brand weapon {unknown}
Potions
 b - 3 potions of might {unknown}
 d - 2 potions of magic
 e - 5 potions of curing {unknown}
 k - 5 potions of brilliance {unknown}
 m - 2 potions of resistance {unknown}
 p - 4 potions of heal wounds {unknown}
 r - a potion of enlightenment {unknown}
 s - 2 potions of mutation {unknown}
 t - 2 potions of haste {unknown}
 v - 3 potions of degeneration {unknown}
 L - a potion of cancellation {unknown}
 N - 2 potions of attraction {unknown}


   Skills:
 - Level 4.0 Fighting
 + Level 4.5 Armour
 - Level 4.0 Dodging
 - Level 4.1 Stealth
 * Level 15.1 Spellcasting
 + Level 9.6 Conjurations
 - Level 1.1 Summonings
 - Level 1.1 Translocations
 + Level 5.7 Fire Magic
 - Level 7.0 Ice Magic
 - Level 1.0 Air Magic
 - Level 1.0 Poison Magic
 - Level 1.0 Evocations


You had 26 spell levels left.
You knew the following spells:

 Your Spells              Type           Power      Damage    Failure   Level
a - Magic Dart            Conj           100%       1d8       1%          1
b - Mephitic Cloud        Conj/Pois/Air  36%        N/A       1%          3
c - Call Imp              Summ           46%        N/A       4%          2
d - Blink                 Tloc           46%        N/A       4%          2
e - Foxfire               Conj/Fire      100%       2x1d9     1%          1
f - Freezing Cloud        Conj/Ice/Air   23%        6-21      3%          5

Your spell library contained the following spells:

 Spells                   Type           Power      Damage    Failure   Level
 Airstrike                Air            11%        2d(2-18)  8%          4
 Poisonous Vapours        Pois/Air       46%        N/A       1%          2
 Iskenderun's Mystic Bla  Conj/Tloc      43%        2d10      1%          4
 Summon Small Mammal      Summ           92%        N/A       2%          1
 Sting                    Tmut/Pois      80%        1d7       3%          1
 Slow                     Hex            72%        N/A       4%          1
 Cigotuvi's Dreadful Rot  Necr/Pois/Air  42%        N/A       4%          2
 Olgreb's Toxic Radiance  Pois           23%        N/A       8%          4
 Call Canine Familiar     Summ           23%        N/A       9%          3
 Summon Guardian Golem    Hex/Summ       20%        N/A       11%         3
 Tukima's Dance           Hex            18%        N/A       13%         3
 Dimensional Bullseye     Hex/Tloc       10%        N/A       34%         4


Dungeon Overview and Level Annotations

Branches:
Dungeon (12/15)            Temple (1/1) D:5            Lair (0/5) D:10
    Orc (0/2) D:10

Altars:
Ashenzari
Cheibriados
Dithmenos
Elyvilon
Fedhas
Gozag
Hepliaklqana
Kikubaaqudgha
Makhleb
Nemelex Xobeh
Okawaru
Qazlal
Ru
Sif Muna
Trog
Uskayaw
Vehumet
Wu Jian
Xom
Yredelemnul
Zin
The Shining One

Shops:
D:8 =

Annotations:
D:12 Nessos


Message History

Confirm with . or Enter, or press ? or * to list all spells.
Aiming: Mephitic Cloud (safe; 1% risk of failure)
Press: ? - help, Shift-Dir - straight line The ball explodes into a vile cloud!
The stinking cloud engulfs your cerulean imp but does no damage.
Your cerulean imp is almost dead.
The stinking cloud engulfs the howler monkey but does no damage.
The howler monkey is engulfed in noxious fumes.
The howler monkey appears confused.
The howler monkey barely misses you.
Your cerulean imp hits the boulder beetle with a -2 spear.
The wraith completely misses your cerulean imp.
Unknown command.
Nessos the Markscentaur comes into view.
The howler monkey is engulfed in noxious fumes.
The howler monkey appears confused.
The boulder beetle is engulfed in noxious fumes.
The boulder beetle appears confused.
The boulder beetle bites your cerulean imp!!
Your cerulean imp is killed!
Your cerulean imp disappears in a puff of smoke!
Nessos wields a +1 longbow of flaming.
It bursts into flame!
Nessos shoots an arrow.
The arrow hits you! The arrow burns you.
You hit the howler monkey.
The howler monkey is poisoned.
The howler monkey is lightly wounded.
The boulder beetle is engulfed in noxious fumes.
The boulder beetle appears confused.
Nessos mumbles some strange words.
Nessos seems to speed up.
Unknown command.
Nessos says, "I'll learn you. I'll learn you yet!"
Nessos shoots an arrow.
The arrow hits you! The arrow burns you.
Nessos shoots an arrow.
The arrow closely misses you.
Unknown command.
Nessos shoots an arrow.
The arrow hits you. The arrow burns you.
You are poisoned.
Nessos shoots an arrow.
The arrow hits you!!
* * * LOW HITPOINT WARNING * * *
The arrow burns you!
You are more poisoned.
You die...

.V ####.......#....#### ..##
## c#..#....####........#
+..... #...........#.....##..#
#..... #...#####.#.......##.##
#.....###...# #.##....#....#
..#...#..^#..## ##...........#
..............###..#.....#####
#.##.W...##)#####..#
#..h.°...@..# #..####
#.B°......### #.....####
#....##...##.## ##..#[...#
....#######..#..#### #..#.[..#
... ##.......# ##......# .>
##......# ###..... # ##.....#
#...... ###.....######......
.....................


You could see a boulder beetle (confused, very poisoned), Nessos (fast), a
wraith and a howler monkey (confused, very poisoned).

Vanquished Creatures
  A two-headed ogre (D:9)
  A boulder beetle (D:11)
  A deep elf pyromancer (D:12)
  A manticore (D:11)
  An ugly thing (D:8)
  A gargoyle (D:10)
  An unseen horror (D:12)
  2 trolls
  Grinder (D:4)
  A hornet (D:8)
  2 vampires (D:12)
  A wraith (D:12)
  6 wyverns
  9 yaks
  A basilisk (D:10)
  A steam dragon (D:6)
  6 vampire mosquitoes
  2 acid dragons
  8 water moccasins
  Duvessa (D:7)
  A black bear (D:6)
  3 orc warriors
  6 centaurs
  2 phantoms
  2 gnoll sergeants
  2 bullfrogs
  2 scorpions
  8 wights (D:8)
  Dowan (D:7)
  11 killer bees (D:11)
  2 howler monkeys (D:7)
  8 hounds
  7 orc priests
  2 gnoll boudas
  5 iguanas
  Jessica (D:2)
  Ijyb (D:3)
  8 orc wizards
  A sleepcap (D:6)
  23 gnolls
  3 adders
  2 shadow imps
  An ufetubus (D:7)
  2 worms
  2 dart slugs
  31 orcs
  6 ball pythons
  9 endoplasms
  6 giant cockroaches
  5 hobgoblins
  5 jackals
  2 quokkas
  7 bats
  6 frilled lizards
  16 goblins
  6 kobolds
  6 rats
  A foxfire (D:8)
260 creatures vanquished.

Vanquished Creatures (collateral kills)
  An orc priest (D:4)
  An orc wizard (D:2)
  Robin (D:4)
  A ball python (D:4)
  A hobgoblin (D:4)
5 creatures vanquished.

Vanquished Creatures (others)
  185 foxfires
185 creatures vanquished.

Grand Total: 450 creatures vanquished

Notes
Turn   | Place    | Note
-------+----------+-------------------------------------------
     0 | D:1      | pokeman the Deep Elf Hedge Wizard began the quest for the
                  | Orb.
     0 | D:1      | Reached XP level 1. HP: 10/10 MP: 7/7
   450 | D:1      | Reached XP level 2. HP: 16/16 MP: 2/9
   926 | D:2      | Found a faded altar of an unknown god.
   940 | D:2      | Reached skill level 5 in Spellcasting
   963 | D:2      | Reached XP level 3. HP: 20/20 MP: 8/11
   969 | D:2      | Learned a level 3 spell: Mephitic Cloud
   972 | D:2      | Learned a level 2 spell: Call Imp
   975 | D:2      | Learned a level 2 spell: Blink
   982 | D:2      | Noticed Jessica
   992 | D:2      | Killed Jessica
   993 | D:2      | Reached skill level 1 in Fighting
   993 | D:2      | Reached skill level 1 in Armour
  1278 | D:2      | Reached XP level 4. HP: 25/25 MP: 11/13
  1900 | D:3      | Reached XP level 5. HP: 29/29 MP: 15/15
  1902 | D:3      | Reached skill level 6 in Spellcasting
  2120 | D:3      | Noticed Ijyb
  2137 | D:3      | Killed Ijyb
  2901 | D:4      | Noticed Robin
  2908 | D:4      | Noticed an orc warrior
  2951 | D:4      | Reached XP level 6. HP: 34/34 MP: 17/17
  2958 | D:4      | Killed Robin
  3018 | D:4      | Killed an orc warrior
  3019 | D:4      | Reached skill level 7 in Spellcasting
  3170 | D:4      | Noticed Grinder
  3208 | D:4      | Paralysed by Grinder for 2 turns
  3219 | D:4      | Killed Grinder
  3220 | D:4      | Reached skill level 5 in Conjurations
  3220 | D:4      | Reached XP level 7. HP: 16/38 MP: 11/19
  3810 | D:5      | Entered Level 5 of the Dungeon
  3868 | D:5      | Reached skill level 1 in Air Magic
  3868 | D:5      | Reached skill level 1 in Evocations
  3880 | D:5      | Reached skill level 1 in Poison Magic
  3930 | D:5      | Found an opulent altar of Gozag.
  3981 | D:5      | Reached skill level 8 in Spellcasting
  4047 | D:5      | Learned a level 5 spell: Freezing Cloud
  4129 | D:5      | Found an ornate altar of the Wu Jian Council.
  4129 | D:5      | Found a snail-covered altar of Cheibriados.
  4137 | D:5      | Found a stormy altar of Qazlal.
  4139 | D:5      | Found a faded altar of an unknown god.
  4141 | D:5      | Found a hide-covered altar of Uskayaw.
  4249 | D:5      | Found a staircase to the Ecumenical Temple.
  4278 | Temple   | Entered the Ecumenical Temple
  4284 | Temple   | Became a worshipper of Vehumet
  4339 | D:5      | Reached XP level 8. HP: 43/43 MP: 18/22
  4367 | D:6      | Reached skill level 1 in Ice Magic
  4594 | D:6      | Reached skill level 9 in Spellcasting
  4996 | D:6      | Found a sparkling altar of Nemelex Xobeh.
  5054 | D:6      | Reached skill level 10 in Spellcasting
  5336 | D:7      | Found an ancient bone altar of Kikubaaqudgha.
  5354 | D:7      | Reached XP level 9. HP: 46/48 MP: 25/25
  5434 | D:7      | Reached * piety under Vehumet
  5434 | D:7      | Offered knowledge of Shock by Vehumet.
  5517 | D:7      | Noticed Dowan
  5527 | D:7      | Killed Dowan
  5532 | D:7      | Noticed Duvessa
  5573 | D:7      | Killed Duvessa
  5789 | D:7      | Reached skill level 11 in Spellcasting
  5885 | D:7      | Found a basalt altar of Yredelemnul.
  6300 | D:8      | Noticed a white ugly thing
  6310 | D:8      | Reached skill level 1 in Fire Magic
  6311 | D:8      | Reached skill level 5 in Ice Magic
  6314 | D:8      | Reached skill level 12 in Spellcasting
  6315 | D:8      | Killed a white ugly thing
  6316 | D:8      | Reached XP level 10. HP: 56/56 MP: 28/28
  6443 | D:8      | Offered knowledge of Foxfire by Vehumet.
  6446 | D:8      | Learned a level 1 spell: Foxfire
  6452 | D:8      | Reached ** piety under Vehumet
  6673 | D:8      | Found Lylekhu's Jewellery Shop.
  7073 | D:9      | Found a transporter.
  7145 | D:9      | Found a white marble altar of Elyvilon.
  7158 | D:9      | Noticed a two-headed ogre
  7189 | D:9      | Killed a two-headed ogre
  7190 | D:9      | Reached skill level 13 in Spellcasting
  7386 | D:9      | Found a transporter.
  7464 | D:9      | Found a transporter.
  7480 | D:9      | Found a transporter.
  7925 | D:10     | Entered Level 10 of the Dungeon
  8046 | D:10     | Found a staircase to the Lair.
  8057 | D:10     | Reached XP level 11. HP: 56/61 MP: 12/30
  8111 | D:10     | Reached skill level 14 in Spellcasting
  8191 | D:10     | Offered knowledge of Ignite Poison by Vehumet.
  8354 | D:10     | Found a staircase to the Orcish Mines.
  8386 | D:10     | Found a burning altar of Makhleb.
  8718 | D:11     | Reached *** piety under Vehumet
  8885 | D:11     | Reached skill level 5 in Fire Magic
  9058 | D:11     | Noticed a stone giant
  9060 | D:11     | Noticed an ogre mage
  9061 | D:11     | Noticed a centaur warrior
  9066 | D:11     | Noticed an orc knight
  9067 | D:11     | Noticed a fire dragon
  9100 | D:11     | Noticed a boulder beetle
  9116 | D:11     | Killed a boulder beetle
  9398 | D:12     | Offered knowledge of Airstrike by Vehumet.
  9476 | D:12     | Noticed a deep elf pyromancer
  9481 | D:12     | Killed a deep elf pyromancer
  9482 | D:12     | Reached skill level 15 in Spellcasting
  9526 | D:12     | Identified the +0 hat "Taocob" {Dex+2}
  9557 | D:12     | Noticed a boulder beetle
  9571 | D:12     | Noticed Nessos
  9574 | D:12     | Shot with an arrow by Nessos

Illustrated notes

Levels and vault maps discovered:
D:1:      scummos_arrival_simple_crosswalls, layout_loops_cross
D:2:      layout_loops_corners, hellmonk_ecumenical_altar_lost_god,
          kennysheep_generic_room_12, uniq_jessica
D:3:      layout_loops_corners, nicolae_eternal_life, minmay_vboxes, uniq_ijyb
D:4:      layout_loops_ring, kennysheep_another_room, uniq_grinder, uniq_robin
D:5:      layout_rooms, nicolae_gozag_cash_rules_everything_around_me,
          chequers_temple_overflow_minitemple, temple_pool_b,
          serial_library_hellmonk_room_b
D:6:      layout_basic, nemelex_diamond_rough_becter
D:7:      minmay_evil_eye, layout_loops_ring,
          mainiacjoe_overflow_small_starburst, mainiacjoe_overflow_24_doors,
          uniq_duvessa
D:8:      layout_rooms, serial_shops, shop, chequers_serial_rivers_micro_c
D:9:      layout_basic, elyvilon_altar_1, nicolae_transporter_intersection
D:10:     hellmonk_destroyed_diamonds, layout_gridville, lemuel_round_altar,
          minmay_lair_entry_grove, orc_0_dummy
D:11:     layout_basic, onia_ninara_dug_in_and_dangerous
D:12:     layout_rooms, minmay_fractal_squares_diagonal_5, uniq_nessos
Temple:   hellmonk_temple_two_chambers

Skill      XL: |  1  2  3  4  5  6  7  8  9 10 11 |
---------------+----------------------------------+-----
Spellcasting   | 5 6 7 8 10 12 13 15 | 15.1
Fighting       | 1 2 3 4 |  4.0
Armour         | 1 2 3 4 |  4.5
Conjurations   | 2 3 5 6 7 8 9 |  9.6
Stealth        | 3 4 |  4.1
Dodging        | 3 4 |  4.0
Air Magic      | 1 |  1.0
Evocations     | 1 |  1.0
Poison Magic   | 1 |  1.0
Ice Magic      | 3 5 6 7 |  7.0
Fire Magic     | 2 4 5 |  5.7
Summonings     | |  1.1
Translocations | |  1.1

Action                     |  1- 3 |  4- 6 |  7- 9 | 10-12 || total
---------------------------+-------+-------+-------+-------++-------
  Melee: Dagger            |     9 |    67 |   159 |    45 ||   280
         Punch             |       |     1 |     3 |     2 ||     6
   Cast: Magic Dart        |    77 |   104 |   188 |    21 ||   390
         Mephitic Cloud    |       |    14 |    32 |    14 ||    60
         Call Imp          |       |     5 |     4 |     3 ||    12
         Blink             |       |       |     2 |       ||     2
         Freezing Cloud    |       |       |     1 |    38 ||    39
         Foxfire           |       |       |       |   101 ||   101
  Evoke: Wand              |       |       |       |    10 ||    10
   Stab: Confused          |       |     5 |    16 |     6 ||    27
         Sleeping          |       |     1 |       |       ||     1
         Paralysed         |       |       |       |     2 ||     2
 Armour: Leather armour    |    18 |    46 |   105 |    49 ||   218
  Dodge: Dodged            |    26 |    37 |   123 |    41 ||   227

Table legend: (Time is in decaauts)
 A = Elapsed time spent in this place.
 B = Non-inter-level travel time spent in this place.
 C = Inter-level travel time spent in this place.
 D = Time resting spent in this place.
 E = Time spent auto-exploring this place.
 F = Levels seen in this place.
 G = Mean time per level.
                   A        B        C        D        E       F      G
               +--------+--------+--------+--------+--------+-----+--------+
         Total |   9568 |   9313 |    255 |    222 |   7264 |  13 |  736.0 |
       Dungeon |   9555 |   9305 |    250 |    222 |   7264 |  12 |  796.2 |
        Temple |     12 |      7 |      5 |      0 |      0 |   1 |   12.0 |
               +--------+--------+--------+--------+--------+-----+--------+

Top non-repeatable levels by time:
     D:7: 1214 daAuts
     D:4: 958 daAuts
     D:3: 955 daAuts
     D:2: 947 daAuts
     D:1: 942 daAuts
     D:9: 882 daAuts
     D:6: 785 daAuts
    D:10: 769 daAuts
    D:11: 697 daAuts
     D:8: 689 daAuts
     D:5: 531 daAuts
    D:12: 180 daAuts
  Temple: 12 daAuts
